 Dungeon Crawl Stone Soup version 0.23.2-1-ga50397a6bc (webtiles) character file.

Game seed: 5356793032828381308

811 Revguard the Slasher (level 7, 0/52 HPs)
             Began as a Demonspawn Gladiator on Apr 17, 2019.
             Was an Initiate of Okawaru.
             Splashed by a jelly's acid (8 damage)
             ... on level 5 of the Dungeon.
             The game lasted 00:10:43 (4219 turns).

Revguard the Slasher (Demonspawn Gladiator)         Turns: 4219, Time: 00:10:44

Health: 0/52       AC:  2    Str: 15    XL:     7   Next: 61%
Magic:  9/9        EV: 11    Int:  9    God:    Okawaru [......]
Gold:   196        SH:  4    Dex: 16    Spells: 6/6 levels left

rFire    . . .     SeeInvis .   a - +0 long sword
rCold    . . .     Gourm    .   (no shield)
rNeg     + . .     Faith    .   r - +0 scale mail
rPois    .         Spirit   .   (helmet restricted)
rElec    .         Reflect  .   j - scarf {repulsion}
rCorr    .         Harm     .   (no gloves)
MR       .....                  (no boots)
Stlth    +.........             (no amulet)
HPRegen  0.17/turn              p - ring of positive energy
MPRegen  0.11/turn              h - ring of wizardry

@: corroded, repel missiles
A: horns 1, large bone plates 1, nightstalker 1
a: Renounce Religion


You were on level 5 of the Dungeon.
You worshipped Okawaru.
Okawaru was noncommittal.
You were not hungry.

You visited 1 branch of the dungeon, and saw 5 of its levels.

You collected 196 gold pieces.

Inventory:

Hand Weapons
 a - a +0 long sword (weapon)
Missiles
 d - 3 throwing nets (quivered)
Armour
 j - a scarf of repulsion (worn)
 r - a +0 scale mail (worn)
Jewellery
 h - a ring of wizardry (right hand)
 p - a ring of positive energy (left hand)
Wands
 s - a wand of iceblast (5)
 v - a wand of flame (11)
 x - a wand of random effects (16)
Scrolls
 b - a scroll of noise {unknown}
 c - a scroll of teleportation {unknown}
 e - 3 scrolls of magic mapping {unknown}
 g - 8 scrolls of identify {unknown}
 i - 2 scrolls of remove curse {unknown}
 k - a scroll of random uselessness {unknown}
 m - a scroll of fog {unknown}
 n - a scroll of fear {unknown}
 q - a scroll of enchant weapon {unknown}
 t - 3 scrolls of blinking {unknown}
 u - a scroll of enchant armour {unknown}
Potions
 l - 2 potions of curing
 o - 2 potions of brilliance
 w - a potion of ambrosia
Comestibles
 f - 8 rations


   Skills:
 + Level 3.4 Fighting
 + Level 5.6 Long Blades
 - Level 1.7 Throwing
 + Level 3.2 Armour
 + Level 4.0 Dodging
 * Level 2.9 Evocations


You had 6 spell levels left.
You didn't know any spells.
Your spell library was empty.

Dungeon Overview and Level Annotations

Branches:
Dungeon (5/15)
 Temple: D:4-7

Altars:
Cheibriados
Dithmenos
Gozag
Hepliaklqana
Okawaru

Shops:
D:5 *


Innate Abilities, Weirdness & Mutations

You have a pair of small horns on your head.
You are partially covered in large bone plates. (SH +4)
You are slightly more attuned to the shadows.


Message History

You hit the jelly but do no damage.
Your hands burn!
Your headbutt misses the jelly.
The jelly is lightly wounded.
The jackal completely misses you.
You riposte.
You closely miss the jackal. You block the jelly's attack.
The jackal bites you but does no damage.
You hit the jelly.
Your hands burn!
The jelly is moderately wounded.
The jackal barely misses you. The jelly misses you.
You hit the jelly but do no damage.
Your hands burn!
* * * LOW HITPOINT WARNING * * *
The jelly is moderately wounded.
The jackal bites you.
* * * LOW HITPOINT WARNING * * *
The jackal bites you.
* * * LOW HITPOINT WARNING * * *
The jelly hits you.
* * * LOW HITPOINT WARNING * * *
You are splashed with acid!
You die...

#...##..###.#
.............
.............
.............
.............
......Jh.....
......@......
.............
#.##...###...
##..†# ##
+....# #....#
#....# #....#
###..# ### ..


You could see a jelly and a jackal.

Vanquished Creatures
  Sigmund (D:4)
  3 ogres
  A jelly (D:5)
  A crimson imp (D:5)
  2 orc wizards (D:2)
  2 worker ants
  Ijyb (D:4)
  2 hound skeletons (D:5)
  2 worker ant zombies
  5 adders
  A dart slug (D:1)
  2 leopard geckos
  18 orcs
  3 bats
  7 giant cockroaches
  3 goblins
  5 hobgoblins
  4 jackals
  7 kobolds
  3 quokkas
  4 frilled lizards
  5 rats
82 creatures vanquished.

Vanquished Creatures (others)
  A goblin (D:2)
1 creature vanquished.

Grand Total: 83 creatures vanquished

Notes
Turn   | Place    | Note
-------+----------+-------------------------------------------
     0 | D:1      | Revguard the Demonspawn Gladiator began the quest for the
                  | Orb.
     0 | D:1      | Reached XP level 1. HP: 16/16 MP: 1/1
   302 | D:1      | Gained mutation: You are partially covered in large bone
                  | plates. (SH +4) [demonic ancestry]
   302 | D:1      | Reached XP level 2. HP: 22/22 MP: 2/2
   365 | D:1      | Reached skill level 3 in Long Blades
   815 | D:2      | Gained mutation: You have a pair of small horns on your
                  | head. [demonic ancestry]
   815 | D:2      | Reached XP level 3. HP: 8/27 MP: 3/3
  1188 | D:2      | Found a shadowy altar of Dithmenos.
  1216 | D:2      | Reached skill level 1 in Armour
  1216 | D:2      | Reached XP level 4. HP: 24/33 MP: 4/4
  2026 | D:3      | Found a hazy altar of Hepliaklqana.
  2065 | D:3      | Reached XP level 5. HP: 12/39 MP: 5/5
  2489 | D:3      | Found a snail-covered altar of Cheibriados.
  3063 | D:4      | Reached skill level 4 in Long Blades
  3126 | D:4      | Found Jyasidgh's Distillery.
  3274 | D:4      | Noticed Sigmund
  3282 | D:4      | Killed Sigmund
  3282 | D:4      | Reached skill level 1 in Evocations
  3282 | D:4      | Reached XP level 6. HP: 38/46 MP: 5/7
  3568 | D:4      | Found an iron altar of Okawaru.
  3619 | D:4      | Became a worshipper of Warmaster Okawaru
  3681 | D:4      | Noticed Ijyb
  3693 | D:4      | Killed Ijyb
  3840 | D:5      | Entered Level 5 of the Dungeon
  3891 | D:5      | Reached skill level 5 in Long Blades
  3891 | D:5      | Gained mutation: You are slightly more attuned to the
                  | shadows. [demonic ancestry]
  3891 | D:5      | Reached XP level 7. HP: 45/52 MP: 8/8
  4079 | D:5      | Found Gozag's Platinum Reserve.
  4081 | D:5      | Found an opulent altar of Gozag.
  4219 | D:5      | Splashed by a jelly's acid

Skill      XL: |  1  2  3  4  5  6  7 |
---------------+----------------------+-----
Dodging        | 3 4 |  4.0
Long Blades    | 3 4 5 |  5.6
Armour         | 1 2 3 |  3.2
Evocations     | 1 2 |  2.9
Fighting       | 3 |  3.4
Throwing       | |  1.7

Action                   |  1- 3 |  4- 6 |  7- 9 || total
-------------------------+-------+-------+-------++-------
Melee: Long sword        |    57 |   152 |    36 ||   245
       Headbutt          |     4 |    29 |    14 ||    47
Evoke: Wand              |       |       |     2 ||     2
  Use: Potion            |     4 |     2 |     1 ||     7
  Eat: Chunk             |       |     9 |     2 ||    11
Armor: Leather armour    |     9 |       |       ||     9
       Ring mail         |    16 |    17 |       ||    33
       Scale mail        |       |    39 |    32 ||    71
Dodge: Dodged            |    40 |    91 |    40 ||   171
       Deflected         |     2 |     2 |       ||     4
Block: Other             |    10 |    26 |    15 ||    51
       Rpst.: Long sword |    17 |    32 |    10 ||    59
